 Dungeon Crawl Stone Soup version 0.20-a0-73-g65ed1cb (webtiles) character file.

143 Gorggeron the Skirmisher (level 5, -5/48 HPs)
             Began as a Hill Orc Fighter on Nov 19, 2016.
             Slain by an orc wizard
             ... wielding a +0 dagger of electrocution
              (12 damage)
             ... on level 3 of the Dungeon.
             The game lasted 00:28:28 (2481 turns).

Gorggeron the Skirmisher (Hill Orc Fighter)         Turns: 2481, Time: 00:28:29

Health: -5/48      AC: 10    Str: 18 (20) XL:     5   Next: 25%
Magic:  5/5        EV:  7    Int:  7 (8)  God:
Gold:   109        SH:  0    Dex:  9 (10) Spells: 0 memorised, 4 levels left

rFire  . . .     SeeInvis .     r - +0 battleaxe (curse)
rCold  . . .     Gourm    .     q - +0 chain mail
rNeg   . . .     Faith    .     (shield currently unavailable)
rPois  .         Spirit   .     (no helmet)
rElec  .         Reflect  .     (no cloak)
rCorr  .         Harm     .     C - +0 pair of gloves
MR     .....                    (no boots)
Stlth  ..........               (no amulet)
                                (no ring)
                                (no ring)

@: no status effects
A: no striking features
a: no special abilities


You were on level 3 of the Dungeon.
You were not hungry.

You visited 1 branch of the dungeon, and saw 3 of its levels.

You collected 109 gold pieces.

Inventory:

Hand Weapons
 a - a +0 war axe
 r - a cursed +0 battleaxe (weapon)
 s - a +3 mace of holy wrath
Missiles
 k - 8 poisoned needles
 l - 84 arrows
 n - 44 sling bullets
 u - 55 stones (quivered)
 x - 67 bolts
Armour
 c - a +1 shield
 q - a +0 chain mail (worn)
 C - a +0 pair of gloves (worn)
Wands
 y - a wand of random effects (48/48)
Scrolls
 e - a scroll of enchant armour
 h - 2 scrolls of immolation {unknown}
 j - a scroll of fear
 m - a scroll of identify
Potions
 d - 2 potions of might
 g - a potion of heal wounds {unknown}
 i - 2 potions of lignification
 p - a potion of ambrosia {unknown}
Comestibles
 f - a bread ration
 o - a slice of pizza
 w - a meat ration
 A - 6 fruits


   Skills:
 * Level 5.0 Fighting
 + Level 4.0(4.2) Axes
 + Level 1.6(2.7) Maces & Flails
 + Level 3.8 Armour
 + Level 3.9 Shields


You had 4 spell levels left.
You didn't know any spells.

Dungeon Overview and Level Annotations

Branches:
Dungeon (3/15)

Altars:


Message History

You hear some strange, mumbled words.
A magic dart appears from out of thin air!
The magic dart hits you!
* * * LOW HITPOINT WARNING * * *
Something hits you but does no damage.
You miss something.
You hear some strange, mumbled words.
You are confused.
You closely miss something. Something hits you but does no damage.
You hear some strange, mumbled words.
A puff of flame appears from out of thin air!
The puff of flame misses you.
You closely miss something. Something hits you but does no damage.
You bump into the rock wall.
Something hits you but does no damage.
You bump into the rock wall.
You feel less confused. Something hits you but does no damage.
You closely miss something. Something hits you but does no damage.
You are electrocuted!
You die...

#...........#.......#
#.....>.............#
#.#####.######.###.##
#.# #.#..#.......#
#.# #.#..#.#.#####
######.#
#.#..#.#.###########
#......#
#.#<.#.#...........#
#.######
#.##{#.###########.#
#.# #.#.@#.# #.# #.#
#.#.##.# #.# #.#
#......###########.#
##.#
###................#
...#
##################
####


There were no monsters in sight!

Vanquished Creatures
  A crimson imp (D:3)
  4 adders (D:2)
  An ooze (D:2)
  2 worms
  2 dart slugs
  A leopard gecko (D:1)
  2 orcs (D:3)
  4 giant cockroaches (D:1)
  9 goblins
  4 hobgoblins
  8 jackals
  A quokka (D:2)
  A ball python (D:3)
  7 bats
  2 frilled lizards (D:1)
  A kobold (D:3)
  5 rats
55 creatures vanquished.

Notes
Turn   | Place    | Note
-------+----------+-------------------------------------------
     0 | D:1      | Gorggeron the Hill Orc Fighter began the quest for the Orb.
     0 | D:1      | Reached XP level 1. HP: 19/19 MP: 1/1
   112 | D:1      | Reached skill level 4 in Fighting
   133 | D:1      | Reached XP level 2. HP: 27/27 MP: 2/2
   580 | D:1      | Reached XP level 3. HP: 34/34 MP: 3/3
  1491 | D:2      | Reached XP level 4. HP: 39/41 MP: 4/4
  2037 | D:3      | Reached skill level 5 in Fighting
  2037 | D:3      | Reached skill level 1 in Maces & Flails
  2037 | D:3      | Reached XP level 5. HP: 45/48 MP: 5/5
  2481 | D:3      | Slain by an orc wizard

Vault maps used:
D:1:      dpeg_arrival_short_road

Skill      XL: |  1  2  3  4 |
---------------+-------------+-----
Fighting       | 4 5 |  5.0
Axes           | 3 4 |  4.0
Maces & Flails | 1 |  1.6
Armour         | |  3.8
Shields        | |  3.9

Action                   |  1- 3 |  4- 6 || total
-------------------------+-------+-------++-------
Melee: War axe           |   107 |       ||   107
       Mace              |    27 |    72 ||    99
       Battleaxe         |       |    14 ||    14
  Use: Scroll            |       |     9 ||     9
       Potion            |       |     4 ||     4
  Eat: Chunk             |     2 |     3 ||     5
Armor: Scale mail        |    35 |       ||    35
       Chain mail        |    20 |    47 ||    67
Dodge: Dodged            |    46 |    10 ||    56
Block: Shield            |    65 |    38 ||   103
